 Dungeon Crawl Stone Soup version 0.30-a0-778-g2ef04afb54 (webtiles) character file.

Game seed: 13849556531116615998

338 Leeroy the Slasher (level 6, -2/30 HPs)
             Began as a Vine Stalker Warper on Feb 16, 2023.
             Was a Follower of Wu Jian.
             Slain by Duvessa
             ... wielding a +0 short sword
              (9 damage)
             ... on level 4 of the Dungeon.
             The game lasted 00:03:17 (2927 turns).

Leeroy the Slasher (Vine Stalker Warper)            Turns: 2927, Time: 00:03:17

Health: -2/30      AC: 11    Str: 20    XL:     6   Next: 55%
Magic:  0/10       EV:  8    Int: 13    God:    Wu Jian [*.....]
Gold:   221        SH:  0    Dex: 16    Spells: 7/9 levels left

rFire   . . .      SeeInvis .    n - +0 hand axe of Wyrd {flame, Str+7}
rCold   . . .      Faith    .    (no shield)
rNeg    + . .      Spirit   +    s - +3 chain mail {rN+}
rPois   .          Reflect  .    (no helmet)
rElec   .          Harm     .    (no cloak)
rCorr   .          Rampage  .    (no gloves)
Will    .....                    (no boots) Stlth
                                 (no amulet)
HPRegen 1.05/turn                (no ring)
MPRegen 0.12/turn                (no ring)

@: lit by a corona, glowing
A: fangs 2, regeneration 1, magic shield, antimagic bite, no potion heal 2
a: Renounce Religion


You were on level 4 of the Dungeon.
You worshipped Wu Jian.
Wu Jian was aware of your devotion.
You visited 1 branch of the dungeon, and saw 4 of its levels.

You collected 221 gold pieces.

Inventory:

Hand Weapons
 a - a +0 falchion
 j - a +1 vampiric whip
 m - a +0 antimagic short sword
 n - the +0 hand axe of Wyrd (weapon) {flame, Str+7}
   (You found it on level 2 of the Dungeon)

   Str:       It affects your strength (+7).
Missiles
 d - 7 boomerangs of dispersal (quivered)
 h - 6 atropa-tipped darts
 v - 2 boomerangs
 x - 5 poisoned darts
Armour
 b - a +0 leather armour
 s - a +3 chain mail of positive energy (worn)
Wands
 p - a wand of iceblast (9)
Scrolls
 e - 2 scrolls of identify {unknown}
 f - a scroll of brand weapon {unknown}
 k - 2 scrolls of poison {unknown}
 t - a scroll of fog {unknown}
 u - a scroll of torment {unknown}
 w - a scroll of magic mapping {unknown}
Potions
 g - 5 potions of curing {unknown}
 i - a potion of lignification {unknown}
 l - 3 potions of attraction {unknown}
 o - 2 potions of invisibility {unknown}
 q - 2 potions of heal wounds
 r - 2 potions of mutation {unknown}


   Skills:
 - Level 1.7 Fighting
 + Level 6.1 Long Blades
 - Level 0.1 Axes
 - Level 0.8 Throwing
 - Level 0.7 Armour
 - Level 1.5 Dodging
 - Level 2.1 Spellcasting
 - Level 3.0 Translocations


You had 7 spell levels left.
You knew the following spells:

 Your Spells              Type           Power      Damage    Failure   Level
a - Blink                 Tloc           18%        N/A       80%         2

Your spell library contained the following spells:

 Spells                   Type           Power      Damage    Failure   Level
 Lesser Beckoning         Tloc           18%        N/A       80%         2
 Teleport Other           Tloc           9%         N/A       95%         3
 Ensorcelled Hibernation  Hex/Ice        2%         N/A       99%         2
 Passwall                 Tmut/Erth      0%         N/A       99%         2
 Vhi's Electric Charge    Tloc/Air       10%        N/A       99%         3
 Inner Flame              Hex/Fire       1%         N/A       100%        3
 Swiftness                Air            1%         N/A       100%        3
 Flame Wave               Conj/Fire      1%         2d4       100%        4
 Manifold Assault         Tloc           9%         N/A       100%        4
 Sticky Flame             Conj/Fire      1%         2d3       100%        4


Dungeon Overview and Level Annotations

Branches:
Dungeon (4/15)             Temple (0/1) D:4

Altars:
Ashenzari
Hepliaklqana
Kikubaaqudgha
Okawaru
Sif Muna
Trog
Uskayaw
Wu Jian
Xom
Yredelemnul

Annotations:
D:4 Duvessa


Innate Abilities, Weirdness & Mutations

You have extremely sharp teeth.
Your natural rate of healing is unusually fast.
When hurt, damage is shared between your health and your magic reserves.
Your bite disrupts and absorbs the magic of your enemies.
Potions cannot restore your health.


Message History

Duvessa seems to speed up.
You hit Duvessa but do no damage.
Duvessa is heavily wounded.
Duvessa hits you but does no damage. x2
You hit Duvessa but do no damage. Your bite misses Duvessa.
Duvessa is heavily wounded.
You hit Dowan but do no damage. Duvessa closely misses you.
Dowan hits you but does no damage. Duvessa hits you with a +0 short sword.
Dowan hits you with a +0 dagger.
You hit Duvessa but do no damage.
Duvessa is heavily wounded.
You hit Dowan but do no damage. Duvessa hits you but does no damage.
Dowan hits you but does no damage. Duvessa closely misses you.
You barely miss Dowan. Your bite misses Dowan.
You hit Duvessa but do no damage. Duvessa hits you but does no damage.
Dowan hits you with a +0 dagger. Duvessa hits you with a +0 short sword.
You barely miss Dowan. Your bite misses Dowan. You hit Duvessa.
Duvessa barely misses you. Dowan hits you with a +0 dagger.
Duvessa hits you but does no damage. Dowan hits you but does no damage.
You hit Dowan. You burn Dowan.
Dowan is moderately wounded.
You hit Duvessa. Duvessa hits you with a +0 short sword.
Dowan gestures at you while chanting.
You are outlined in light.
Duvessa hits you but does no damage.
You hit Dowan. You burn Dowan.
Dowan is severely wounded.
You hit Duvessa. Duvessa closely misses you. Dowan hits you with a +0 dagger.
Duvessa hits you but does no damage.
You hit Dowan. You burn Dowan.
You kill Dowan!
The Council accepts your kill.
Duvessa weeps, and shakes her weapon.
Duvessa goes berserk!
You barely miss Duvessa. Duvessa hits you with a +0 short sword.
Duvessa hits you with a +0 short sword!
* * * LOW HITPOINT WARNING * * *
Your Long Blades skill increases to level 6!
You hit Duvessa but do no damage.
Duvessa is heavily wounded.
Duvessa hits you but does no damage. Duvessa hits you with a +0 short sword!
You die...

##..####..####..##..## #....###..
...................... #....#....
...................... #..).#..##
...................... #....#.##.
...................... #....###..
...................... #....##...
.##.####..##..####.... #'###....
########..###############.##.....
#....#.........@)........#......
#....#.........e.........#.....^
#....#.................e.#......
#....#..................))..####
#....#..................)'..####
#..).'..................)#......
#....#...................#......
##.####....####.##.....#.#......
######....####.##...###.##.....


You could see Duvessa (berserk, fast).

Vanquished Creatures
  Dowan (D:4)
  A hound (D:4)
  Terence (D:3)
  Natasha (twice) (D:4)
  2 orc wizards (D:4)
  A hound zombie (D:3)
  4 adders
  An adder zombie (D:3)
  3 dart slugs
  3 orcs (D:4)
  2 bats (D:1)
  6 endoplasms
  2 giant cockroaches
  2 hobgoblins
  7 jackals
  3 quokkas
  12 ball pythons
  A ball python zombie (D:3)
  A frilled lizard (D:3)
  A giant cockroach zombie (D:3)
  6 goblins
  12 kobolds
  A rat (D:1)
75 creatures vanquished.

Vanquished Creatures (others)
  A fungus (D:2)
  2 plants (D:1)
3 creatures vanquished.

Grand Total: 78 creatures vanquished

Notes
Turn   | Place    | Note
-------+----------+-------------------------------------------
     0 | D:1      | Leeroy the Vine Stalker Warper began the quest for the Orb.
     0 | D:1      | Reached XP level 1. HP: 11/11 MP: 4/4
    60 | D:1      | Reached skill level 2 in Long Blades
   335 | D:1      | Reached XP level 2. HP: 15/15 MP: 6/6
   686 | D:1      | Learned a level 2 spell: Blink
  1053 | D:2      | Identified the +0 hand axe of Wyrd {flame, Str+7}
  1099 | D:2      | Reached skill level 3 in Long Blades
  1180 | D:2      | Reached XP level 3. HP: 18/18 MP: 7/7
  1413 | D:3      | Found a broken altar of Ashenzari.
  1413 | D:3      | Found a shimmering blue altar of Sif Muna.
  1413 | D:3      | Found a shimmering altar of Xom.
  1413 | D:3      | Found an ornate altar of the Wu Jian Council.
  1413 | D:3      | Found a hide-covered altar of Uskayaw.
  1414 | D:3      | Found a bloodstained altar of Trog.
  1415 | D:3      | Found an iron altar of Okawaru.
  1430 | D:3      | Became a worshipper of the Wu Jian Council
  1566 | D:3      | Gained mutation: Your natural rate of healing is unusually
                  | fast. [Vine Stalker growth]
  1566 | D:3      | Reached XP level 4. HP: 19/23 MP: 8/8
  1580 | D:3      | Found a basalt altar of Yredelemnul.
  1587 | D:3      | Reached skill level 4 in Long Blades
  1620 | D:3      | Found an ancient bone altar of Kikubaaqudgha.
  1776 | D:3      | Noticed Terence
  1795 | D:3      | Killed Terence
  1796 | D:3      | Reached XP level 5. HP: 24/26 MP: 6/9
  2000 | D:3      | Found a hazy altar of Hepliaklqana.
  2260 | D:4      | Found a staircase to the Ecumenical Temple.
  2276 | D:4      | Reached skill level 5 in Long Blades
  2276 | D:4      | Reached * piety under Wu Jian
  2346 | D:4      | Noticed Natasha
  2352 | D:4      | Killed Natasha
  2456 | D:4      | Noticed Natasha
  2469 | D:4      | Killed Natasha
  2470 | D:4      | Reached XP level 6. HP: 24/30 MP: 4/10
  2687 | D:4      | Noticed Duvessa
  2687 | D:4      | Noticed Dowan
  2926 | D:4      | Killed Dowan
  2927 | D:4      | Reached skill level 6 in Long Blades
  2927 | D:4      | Slain by Duvessa

Illustrated notes

Levels and vault maps discovered:
D:1:      amcnicky_arrival_double_pillar, layout_basic, serial_bayou,
          serial_bayou_shore_b, serial_bayou_pond_a, serial_bayou_crossing,
          serial_bayou_lagoon_a, serial_bayou_shore_a, serial_bayou_ford_a,
          minivault_14
D:2:      layout_basic, minmay_shallow_snake_nest
D:3:      layout_basic, nicolae_yredelemnul_corpse_copse,
          mainiacjoe_overflow_catwalk_spiral, grunt_temple_overflow_open,
          saegor_snake_ambush, uniq_terence
D:4:      layout_gridville, minmay_temple_entry_statues_pillars,
          kennysheep_cross_room, uniq_duvessa, uniq_natasha

Skill      XL: |  1  2  3  4  5  6 |
---------------+-------------------+-----
Long Blades    | 2 3 4 5 6 |  6.1
Fighting       | |  1.7
Axes           | |  0.1
Throwing       | |  0.8
Armour         | |  0.7
Dodging        | |  1.5
Spellcasting   | |  2.1
Translocations | |  3.0

Action                     |  1- 3 |  4- 6 || total
---------------------------+-------+-------++-------
  Melee: Falchion          |    19 |       ||    19
         Bite              |    26 |    29 ||    55
         Whip              |    40 |       ||    40
         Hand axe          |    28 |   127 ||   155
         Punch             |       |     2 ||     2
Ability: Lunge             |     1 |     7 ||     8
    Use: Scroll            |       |     1 ||     1
   Stab: Sleeping          |     1 |     2 ||     3
 Armour: Leather armour    |    27 |    14 ||    41
         Chain mail        |       |    64 ||    64
  Dodge: Dodged            |    61 |    77 ||   138

Table legend: (Time is in decaauts)
 A = Elapsed time spent in this place.
 B = Non-inter-level travel time spent in this place.
 C = Inter-level travel time spent in this place.
 D = Time resting spent in this place.
 E = Time spent auto-exploring this place.
 F = Levels seen in this place.
 G = Mean time per level.
                   A        B        C        D        E       F      G
               +--------+--------+--------+--------+--------+-----+--------+
         Total |   3057 |   2927 |    130 |    130 |   2232 |   4 |  764.2 |
       Dungeon |   3057 |   2927 |    130 |    130 |   2232 |   4 |  764.2 |
               +--------+--------+--------+--------+--------+-----+--------+

Top non-repeatable levels by time:
     D:1: 1032 daAuts
     D:3: 1014 daAuts
     D:4: 574 daAuts
     D:2: 436 daAuts
